 Dungeon Crawl Stone Soup version 0.25-a0-263-g9d16a9d099 (webtiles) character file.

Game seed: 11795612448351097767, levelgen mode: deterministic

183 Redear the Ducker (level 5, -7/37 HPs)
             Began as an Octopode Fighter on Dec 7, 2019.
             Killed by divine providence
             ... invoked by an orc priest
              (10 damage)
             ... on level 3 of the Dungeon.
             The game lasted 00:02:18 (1783 turns).

Redear the Ducker (Octopode Fighter)                Turns: 1783, Time: 00:02:18

Health: -7/37      AC:  1    Str: 16    XL:     5   Next: 62%
Magic:  5/5        EV: 12    Int: 10    God:
Gold:   62         SH:  9    Dex: 12    Spells: 4/4 levels left

rFire    . . .     SeeInvis .   j - +2 whip (elec)
rCold    . . .     Gourm    .   b - +0 shield
rNeg     . . .     Faith    .   (helmet restricted)
rPois    .         Spirit   .   (no amulet)
rElec    .         Reflect  .   (no ring)
rCorr    .         Harm     .   (no ring)
MR       .....                  (no ring)
Stlth    +++.......             (no ring)
HPRegen  0.12/turn              (no ring)
MPRegen  0.09/turn              (no ring)
                                (no ring)
                                (no ring)

@: lethally poisoned (-7 -> -18)
A: almost no armour, stealthy swim, amphibious, 8 rings, constrict 8, camouflage
1, gelatinous body 1
a: no special abilities


You were on level 3 of the Dungeon.
You were hungry.

You visited 1 branch of the dungeon, and saw 3 of its levels.

You collected 62 gold pieces.

Inventory:

Hand Weapons
 a - a +0 long sword
 j - a +2 whip of electrocution (weapon)
Armour
 b - a +0 shield (worn)
Scrolls
 d - 5 scrolls of amnesia {unknown}
 f - a scroll of identify {unknown}
 g - 2 scrolls of teleportation {unknown}
 i - a scroll of magic mapping {unknown}
 k - a scroll of fear {unknown}
 l - a scroll of remove curse {unknown}
 m - a scroll of fog {unknown}
Potions
 c - a potion of might {Str+5 DMG+1d10 | @q3}
 e - a potion of cancellation {unknown}
 h - a potion of lignification {unknown}
Comestibles
 z - 4 rations


   Skills:
 + Level 3.7 Fighting
 + Level 2.5 Long Blades
 - Level 1.2 Maces & Flails
 + Level 3.8 Dodging
 + Level 3.1 Stealth
 + Level 3.7 Shields


You had 4 spell levels left.
You didn't know any spells.
Your spell library was empty.

Dungeon Overview and Level Annotations

Branches:
Dungeon (3/15)

Altars:


Innate Abilities, Weirdness & Mutations

You cannot wear most types of armour.
You are very stealthy in the water. (Stealth+)
You are amphibious.
You can wear up to eight rings at the same time.
You can use your tentacles to constrict eight enemies at once.
Your skin changes colour to match your surroundings (Stealth+).
Your rubbery body absorbs attacks. (AC +1, EV +1)


Message History

The orc hits you.
* * * LOW HITPOINT WARNING * * *
You are too injured to fight recklessly!
You are too injured to fight recklessly!
You are too injured to fight recklessly!
You are too injured to fight recklessly!
You are too injured to fight recklessly!
You are too injured to fight recklessly!
You take 11 damage, and have 4/37 hp.
MASSIVE DAMAGE!!
Unknown command.
Unknown command.
Unknown command.
Unknown command.
Unknown command.
You release your grip on the orc.
* * * LOW HITPOINT WARNING * * *
You feel sick.
The orc priest calls down the wrath of Beogh upon you.
Beogh smites you!
You die...

.......'........#
##.#.######........# #
####..#.######........#..
........................
$.............##..###.#.#
.?..K..####....<#.....#.#
.......#...#[#.#.......#
.......###.#.#.#..######
#..@...#.#..........
#og#####.####..#####
#oo....... ##.#
#.o....... .# #.........
.# .#.#.###.# .. #.#.#.#
# . ..#.#.. ##.#.####


You could see an orc priest, 3 orcs, a hobgoblin and a kobold.

Vanquished Creatures
  A hound (D:2)
  An orc wizard (D:2)
  3 gnolls (D:3)
  2 adders
  An ooze (D:1)
  A worm (D:2)
  2 dart slugs
  2 leopard geckos
  4 orcs
  8 bats
  6 giant cockroaches
  10 goblins
  4 hobgoblins
  A quokka (D:2)
  2 ball pythons
  2 frilled lizards
  9 kobolds
  5 rats
64 creatures vanquished.

Notes
Turn   | Place    | Note
-------+----------+-------------------------------------------
     0 | D:1      | Redear the Octopode Fighter began the quest for the Orb.
     0 | D:1      | Reached XP level 1. HP: 16/16 MP: 1/1
    42 | D:1      | Reached XP level 2. HP: 10/21 MP: 2/2
    84 | D:1      | Reached skill level 1 in Stealth
   483 | D:1      | Reached XP level 3. HP: 18/26 MP: 3/3
   870 | D:2      | Reached skill level 2 in Stealth
   870 | D:2      | Reached XP level 4. HP: 13/31 MP: 4/4
  1164 | D:2      | Reached skill level 1 in Maces & Flails
  1179 | D:2      | HP: 3/31 [poisoned by an adder]
  1184 | D:2      | Reached XP level 5. HP: 9/36 MP: 5/5
  1742 | D:3      | Reached skill level 3 in Stealth
  1783 | D:3      | HP: 3/37 [poisoned by a kobold]
  1783 | D:3      | Killed from afar by an orc priest

Levels and vault maps discovered:
D:1:      eino_arrival_tree_alley, layout_basic, minmay_misc_feat_pillars
D:2:      wander_river, layout_rooms
D:3:      gammafunk_wand_slinger, layout_basic

Skill      XL: |  1  2  3  4  5 |
---------------+----------------+-----
Stealth        | 1 2 3 |  3.1
Maces & Flails | 1 |  1.2
Fighting       | |  3.7
Long Blades    | |  2.5
Dodging        | |  3.8
Shields        | |  3.7

Action                   |  1- 3 |  4- 6 || total
-------------------------+-------+-------++-------
Melee: Long sword        |    41 |       ||    41
       Tentacles         |    13 |     6 ||    19
       Constrict         |    20 |    17 ||    37
       Whip              |    19 |    53 ||    72
  Use: Potion            |       |     1 ||     1
 Stab: Sleeping          |    11 |     7 ||    18
  Eat: Chunk             |       |     2 ||     2
Armor: Skin              |     1 |     2 ||     3
Dodge: Dodged            |    17 |    36 ||    53
Block: Shield            |    20 |    28 ||    48
       Rpst.: Long sword |     5 |       ||     5

Table legend:
 A = Non-vault XP
 B = Vault XP
 C = Vault XP percentage of total XP
 D = Non-vault monster count
 E = Vault monster count
 F = Vault count percentage of total count
                 A         B        C        D         E       F
            +---------+---------+-------+---------+---------+-------
      Total |     262 |       0 |   0.0 |      64 |       0 |   0.0
            +---------+---------+-------+---------+---------+-------
        D:1 |      52 |       0 |   0.0 |      29 |       0 |   0.0
        D:2 |     146 |       0 |   0.0 |      28 |       0 |   0.0
        D:3 |      64 |       0 |   0.0 |       7 |       0 |   0.0
            +---------+---------+-------+---------+---------+-------
